 Dungeon Crawl Stone Soup version 0.28-a0-706-gf6f64a616a (webtiles) character file.

Game seed: 17472837078717319961

175 frimble the Conjurer (level 5, -5/35 HPs)
             Began as a Demonspawn Fire Elementalist on Oct 24, 2021.
             Killed by an exploding rat (22 damage)
             ... ignited by their inner flame
             ... on level 3 of the Dungeon.
             The game lasted 00:05:02 (1737 turns).

frimble the Conjurer (Demonspawn Fire Elementalist) Turns: 1737, Time: 00:05:03

Health: -5/35      AC:  2    Str:  9    XL:     5   Next: 29%
Magic:  4/9        EV: 12    Int: 19    God:
Gold:   67         SH:  0    Dex: 13    Spells: 6/10 levels left

rFire   . . .      SeeInvis .   d - +0 dagger (protect)
rCold   . . .      Faith    .   (no shield)
rNeg    . . .      Spirit   .   a - +0 robe
rPois   .          Reflect  .   (no helmet)
rElec   .          Harm     .   j - scarf {+Inv}
rCorr   +          Rampage  .   (no gloves)
Will    .....                   (no boots)
Stlth   ++........              (no amulet)
HPRegen 0.11/turn               f - ring of resist corrosion
MPRegen 0.22/turn               b - ring of wizardry

@: no status effects
A: magic regeneration, big brain 1, weakness stinger 1
a: Evoke Invisibility


You were on level 3 of the Dungeon.
You visited 1 branch of the dungeon, and saw 3 of its levels.

You collected 67 gold pieces.

Inventory:

Hand Weapons
 c - a +0 dagger
 d - a +0 dagger of protection (weapon)
Missiles
 k - 5 javelins
Armour
 a - a +0 robe (worn)
 j - a scarf of invisibility (worn)
Jewellery
 b - a ring of wizardry (right hand)
 f - a ring of resist corrosion (left hand)
 m - a +6 ring of strength
Scrolls
 i - 2 scrolls of teleportation {unknown}
Potions
 e - a potion of lignification {unknown}
 g - 2 potions of flight {unknown}
 h - a potion of curing {unknown}
 l - a potion of ambrosia {unknown}


   Skills:
 - Level 1.8 Dodging
 - Level 1.8 Stealth
 - Level 3.0 Spellcasting
 - Level 4.1 Conjurations
 + Level 0.9 Hexes
 - Level 3.0 Fire Magic


You had 6 spell levels left.
You knew the following spells:

 Your Spells              Type           Power      Damage    Failure   Level
a - Foxfire               Conj/Fire      64%        2x1d7     1%          1
b - Inner Flame           Hex/Fire       10%        N/A       9%          3

Your spell library contained the following spells:

 Spells                   Type           Power      Damage    Failure   Level
 Scorch                   Fire           28%        2d6       2%          2
 Conjure Flame            Conj/Fire      16%        6-21      4%          3
 Flame Wave               Conj/Fire      16%        3d5       14%         4


Dungeon Overview and Level Annotations

Branches:
Dungeon (2/15)

Altars:
Ru


Innate Abilities, Weirdness & Mutations

You regenerate magic rapidly.
You have an unusually large brain. (Int +2)
You have a small tail.


Message History

The foxfire hits the gnoll.
The gnoll is lightly wounded.
The gnoll hits you from afar with a +0 spear!
Casting: Foxfire (safe; 1% risk of failure)
Confirm with . or Enter, or press ? or * to list all spells.
You conjure some foxfire!
The foxfire hits the gnoll.
The gnoll is severely wounded.
The foxfire hits the gnoll but does no damage.
The gnoll is severely wounded.
Casting: Foxfire (safe; 1% risk of failure)
Confirm with . or Enter, or press ? or * to list all spells.
You conjure some foxfire!
The gnoll hits you from afar with a +0 spear.
The foxfire hits the gnoll.
The gnoll is severely wounded.
The foxfire hits the gnoll.
The gnoll is almost dead.
Casting: Foxfire (safe; 1% risk of failure)
Confirm with . or Enter, or press ? or * to list all spells.
You conjure some foxfire!
The gnoll hits you from afar with a +0 spear!
The foxfire hits the gnoll.
You kill the gnoll!
The foxfire hits the rat but does no damage.
The rat bites you but does no damage.
Casting: Foxfire (safe; 1% risk of failure)
Confirm with . or Enter, or press ? or * to list all spells.
Aiming: Inner Flame (dangerous; 9% risk of failure)
Press: ? - help, Dir - move target, f - rat
Aim: a rat (chance to affect: 75%)
The rat is filled with an inner flame.
The rat misses you. The rat bites you.
Casting: Inner Flame (dangerous; 9% risk of failure)
Confirm with . or Enter, or press ? or * to list all spells.
You conjure some foxfire!
The foxfire hits the rat.
The rat explodes!
The fiery explosion engulfs you!!
Ouch! That really hurt!
You die...

.#.'#######+......$.$#
.#...................#
..)......g...r.......#
..........##g######+##
..........##.#
.........r##g#
.............#
......#############
......# #.g.g.ยง@v#
......# #.######.#
###...# #.# .# ......#
#g# .# ###..g# #g# .#
#..g# #.# .# #.).# #.#
.# #...# #.# .#
###...####.#


You could see 2 gnolls.

Vanquished Creatures
  An ogre (D:2)
  An orc wizard (D:3)
  2 gnolls (D:3)
  2 adders
  An orc (D:3)
  2 endoplasms (D:1)
  A giant cockroach (D:1)
  5 goblins (D:1)
  5 hobgoblins
  5 kobolds
  A ball python (D:1)
  2 bats (D:1)
  6 frilled lizards
  5 rats
39 creatures vanquished.

Vanquished Creatures (others)
  63 foxfires
63 creatures vanquished.

Grand Total: 102 creatures vanquished

Notes
Turn   | Place    | Note
-------+----------+-------------------------------------------
     0 | D:1      | frimble the Demonspawn Fire Elementalist began the quest
                  | for the Orb.
     0 | D:1      | Reached XP level 1. HP: 13/13 MP: 3/3
   221 | D:1      | Gained mutation: You have an unusually large brain. (Int
                  | +2) [demonic ancestry]
   221 | D:1      | Reached XP level 2. HP: 19/19 MP: 1/5
   414 | D:1      | Found a faded altar of an unknown god.
   730 | D:1      | Reached skill level 2 in Conjurations
   969 | D:2      | Noticed an ogre
   982 | D:2      | Killed an ogre
   983 | D:2      | Reached skill level 4 in Conjurations
   983 | D:2      | Reached XP level 3. HP: 24/24 MP: 0/6
   983 | D:2      | Gained mutation: You have a small tail. [demonic ancestry]
   983 | D:2      | Reached XP level 4. HP: 30/30 MP: 0/7
  1379 | D:2      | You fall into a shaft and drop 1 floor!
  1379 | D:3      | Found a sacrificial altar of Ru.
  1388 | D:3      | Gained mutation: You regenerate magic rapidly. [demonic
                  | ancestry]
  1388 | D:3      | Reached XP level 5. HP: 27/35 MP: 1/9
  1513 | D:3      | Learned a level 3 spell: Inner Flame
  1737 | D:3      | Killed by an exploding rat... ignited by their inner flame

Illustrated notes

Levels and vault maps discovered:
D:1:      saegor_arrival_simple_e, layout_rooms, ebering_ecumenical_altar_webs,
          minmay_pentomino_s4
D:2:      layout_basic
D:3:      layout_basic, nicolae_ru_great_annihilating_truth,
          nicolae_gozag_seed_capital, grunt_temple_overflow_octagram,
          minmay_fractal_squares_gapless_5, uniq_jessica

Skill      XL: |  1  2  3  4  5 |
---------------+----------------+-----
Fire Magic     | 3 |  3.0
Conjurations   | 4 |  4.1
Spellcasting   | 3 |  3.0
Dodging        | |  1.8
Stealth        | |  1.8
Hexes          | |  0.9

Action                   |  1- 3 |  4- 6 || total
-------------------------+-------+-------++-------
Melee: Dagger            |    73 |    73 ||   146
       Tailslap          |       |     4 ||     4
 Cast: Foxfire           |    19 |    20 ||    39
       Inner Flame       |       |     4 ||     4
  Use: Scroll            |     1 |       ||     1
 Stab: Sleeping          |       |     1 ||     1
Armor: Robe              |    26 |    31 ||    57
Dodge: Dodged            |    51 |    34 ||    85

Table legend: (Time is in decaauts)
 A = Elapsed time spent in this place.
 B = Non-inter-level travel time spent in this place.
 C = Inter-level travel time spent in this place.
 D = Time resting spent in this place.
 E = Time spent auto-exploring this place.
 F = Levels seen in this place.
 G = Mean time per level.
                   A        B        C        D        E       F      G
               +--------+--------+--------+--------+--------+-----+--------+
         Total |   1734 |   1693 |     41 |      0 |   1270 |   3 |  578.0 |
       Dungeon |   1734 |   1693 |     41 |      0 |   1270 |   3 |  578.0 |
               +--------+--------+--------+--------+--------+-----+--------+

Top non-repeatable levels by time:
     D:1: 949 daAuts
     D:2: 427 daAuts
     D:3: 357 daAuts
